Map: Waterfall

Players

A.I. 1 (Hard)

  • Race: Protoss Protoss
  • Spawn Location: 1:00

mirukokuromi - Winner!

  • Race: Zerg Zerg
  • Spawn Location: 7:00

VOD

Have the link to the VOD?

Description

Time

  • Played on: Nov. 4, 2022, 1:19 a.m.
  • Length: 36:00
Show
View Real Time Build Order
Export as new Build Order

A.I. 1 (Hard) Protoss 

Build Orders:  

Get SALT Encoding   

  12  0:00  Probe  
  13  0:13  Probe  
  14  0:20  Pylon  
  14  0:25  Probe  
  15  0:34  Probe  
  15  0:42  Probe  
  16  0:48  Assimilator  
  17  0:51  Gateway  
  17  0:52  Probe  
  18  1:00  Probe  
  18  1:01  Pylon  
  19  1:21  Probe  
  20  1:40  Zealot  
  20  1:41  Cybernetics Core  
  20  1:43  Gateway  
  22  1:48  Assimilator  
  22  2:04  Pylon  
  22  2:13  Adept  
  22  2:18  Warp Gate  
  24  2:30  Zealot  
  26  2:43  Adept  
  28  2:49  Pylon  
  28  2:57  Stalker  
  30  3:05  Probe  
  31  3:13  Adept, Probe  
  31  3:19  Pylon  
  34  3:22  Probe  
  34  3:27  Adept  
  38  3:34  Probe  
  38  3:42  Forge, Adept  
  38  3:46  Probe  
  41  3:52  Adept  
  41  3:58  Probe  
  44  4:20  Adept  
  46  5:07  Protoss Ground Weapons Level 1, Sentry  
  46  5:10  Gateway  
  48  5:14  Pylon  
  48  5:16  Photon Cannon  
  48  5:17  Stalker  
  48  5:18  Photon Cannon  
  50  5:30  Sentry  
  50  5:35  Robotics Facility  
  52  5:40  Pylon, Stalker  
  34  5:53  Adept  
  36  6:02  Stalker  
  38  6:11  Nexus  
  38  6:12  Adept  
  40  6:21  Zealot  
  40  6:23  Observer  
  43  6:30  Stalker  
  45  6:40  Stalker  
  45  6:41  Stargate  
  45  6:44  Observer  
  48  6:49  Sentry  
  50  6:57  Forge  
  50  6:58  Sentry  
  52  7:01  Twilight Council  
  52  7:08  Zealot  
  54  7:16  Protoss Ground Armor Level 1  
  54  7:23  Probe  
  54  7:24  Probe  
  56  7:31  Assimilator  
  56  7:33  Pylon  
  56  7:34  Pylon, Probe  
  56  7:36  Probe  
  57  7:44  Probe  
  58  7:48  Probe  
  60  7:54  Photon Cannon  
  60  7:56  Probe  
  60  7:57  Photon Cannon  
  61  8:00  Probe  
  62  8:08  Probe  
  63  8:13  Probe  
  63  8:18  Probe  
  64  8:22  Probe  
  64  8:26  Probe  
  66  8:30  Probe  
  67  8:34  Probe  
  67  8:39  Probe  
  69  8:46  Probe  
  71  8:56  Assimilator  
  71  9:07  Warp Prism  
  73  9:17  Gateway  
  73  9:22  Templar Archives  
  73  9:26  Robotics Facility  
  73  9:29  Stargate  
  73  9:37  Warp Prism  
  59  9:39  Zealot  
  59  9:44  Nexus  
  51  9:51  Stalker  
  53  10:03  Stalker  
  55  10:08  Warp Prism  
  55  10:13  Observer  
  58  10:15  Sentry  
  58  10:16  Protoss Ground Weapons Level 2  
  60  10:25  Protoss Ground Armor Level 2  
  60  10:28  High Templar  
  62  10:40  High Templar  
  64  10:54  Archon  
  64  10:55  High Templar  
  66  10:57  Probe  
  66  10:59  Probe  
  66  11:00  Probe  
  69  11:07  High Templar  
  69  11:09  Probe, Assimilator  
  69  11:11  Probe, Assimilator  
  73  11:12  Probe  
  74  11:22  Probe  
  74  11:23  Probe  
  74  11:25  Probe  
  77  11:33  Probe  
  77  11:34  Probe x2  
  77  11:38  Archon  
  77  11:39  High Templar  
  82  11:43  Probe  
  82  11:45  Probe  
  82  11:46  Probe  
  83  11:51  High Templar  
  87  11:55  Probe  
  87  11:58  Probe  
  89  12:21  Archon, High Templar  
  91  12:23  Protoss Shields Level 1  
  91  12:34  High Templar  
  91  12:36  Pylon  
  93  12:55  Robotics Bay  
  93  12:57  Fleet Beacon  
  93  13:00  Protoss Air Weapons Level 1  
  93  13:04  Archon  
  93  13:10  Zealot  
  95  13:18  Stalker  
  97  13:21  Pylon  
  97  13:34  Zealot  
  97  13:40  Carrier  
  87  13:45  Stalker  
  83  13:50  Stalker  
  83  13:55  Stalker  
  87  14:00  Sentry  
  89  14:05  Immortal  
  85  14:10  Disruptor  
  85  14:15  Zealot  
  82  14:22  Zealot  
  82  14:25  Void Ray  
  82  14:27  Stalker  
  73  14:32  Zealot  
  73  14:34  Warp Prism  
  73  14:37  Stalker  
  65  14:39  Probe  
  65  14:40  Probe  
  70  14:45  Warp Prism  
  70  14:46  Stalker  
  70  14:50  Void Ray  
  70  14:51  Zealot  
  76  14:55  Pylon  
  76  14:56  Stalker  
  74  15:01  Sentry  
  74  15:04  Pylon  
  74  15:07  Probe  
  60  15:09  Probe  
  60  15:10  Immortal  
  60  15:11  Zealot  
  63  15:16  Stalker  
  63  15:17  Nexus  
  63  15:19  Probe  
  63  15:21  Probe, Warp Prism  
  56  15:23  Void Ray  
  56  15:24  Robotics Bay, Zealot  
  47  15:29  Stalker  
  47  15:33  Probe  
  47  15:34  Tempest  
  48  15:37  Pylon  
  48  15:40  Stalker  
  50  15:45  Probe, Zealot  
  45  15:50  Stalker  
  45  15:55  Sentry  
  42  15:57  Probe  
  42  16:03  Stalker  
  37  16:06  Disruptor  
  37  16:07  Zealot  
  37  16:09  Probe  
  32  16:16  Zealot  
  32  16:19  Zealot  
  32  16:21  Probe  
  32  16:23  Disruptor  
  38  16:29  Stalker  
  39  16:34  Stalker  
  41  16:45  Pylon  
  36  17:02  Probe  
  36  17:06  Stalker, Probe  
  38  17:10  Zealot  
  30  17:36  Nexus  
  24  18:26  Nexus, Probe  
  24  18:32  Probe  
  26  18:47  Stalker  
  28  18:53  Probe  
  28  19:00  Probe  
  29  19:21  Pylon  
  29  19:27  Probe  
  29  19:50  Pylon  
  29  19:59  Probe  
  29  20:35  Probe  
  29  20:39  Robotics Facility  
  29  20:44  Probe  
  30  21:06  Nexus  
  30  21:09  Cybernetics Core  
  30  21:17  Gateway  
  30  21:27  Probe  
  27  21:41  Probe  
  14  22:00  Probe  
  7  22:08  Probe  
  7  22:18  Probe  
  4  22:30  Probe  
  4  22:42  Probe  
  4  22:53  Probe  
  4  23:01  Probe  
  5  23:09  Probe  
  5  23:20  Probe  
  5  23:29  Gateway  
  5  23:33  Probe  
  6  23:45  Probe  
  7  23:56  Probe  
  8  24:04  Probe  
  9  24:28  Probe  
  8  24:40  Probe  
  8  24:53  Probe  
  8  25:05  Probe  
  8  25:17  Probe  
  9  25:29  Probe  
  9  25:32  Pylon  
  9  25:40  Probe  
  10  25:48  Probe  
  10  25:56  Probe  
  10  26:05  Probe  
  11  26:13  Probe  
  11  26:23  Probe  
  10  26:40  Probe  
  10  26:52  Probe  
  10  27:04  Probe  
  10  27:12  Probe  
  9  27:20  Probe  
  10  27:30  Probe  
  10  27:46  Probe  
  7  27:58  Probe  
  5  28:09  Probe  
  6  28:17  Probe  
Show
View Real Time Build Order
Export as new Build Order

mirukokuromi Zerg - Winner!

Build Orders: 1 Base Baneling Bust, Pool First 

Get SALT Encoding   

  12  0:03  Drone  
  13  0:16  Drone  
  14  0:32  Overlord  
  14  0:39  Spawning Pool  
  13  0:49  Drone  
  14  0:51  Drone  
  14  0:52  Drone  
  16  0:58  Extractor  
  15  1:11  Drone  
  15  1:12  Drone  
  17  1:25  Drone  
  18  1:28  Queen  
  20  1:34  Drone  
  21  1:48  Extractor  
  21  1:51  Zergling x2  
  21  2:26  Zergling x2  
  22  2:30  Overlord  
  22  2:31  Overlord  
  22  2:47  Roach Warren  
  21  2:53  Zergling x2  
  21  2:54  Zergling x6  
  25  3:05  Baneling Nest  
  24  3:07  Drone  
  24  3:12  Lair  
  25  3:25  Metabolic Boost  
  25  3:26  Hatchery  
  24  3:34  Roach  
  24  3:35  Roach x3  
  32  3:42  Overlord  
  32  3:55  Drone  
  33  4:10  Drone x2  
  33  4:13  Roach x2  
  39  4:17  Glial Reconstitution  
  39  4:29  Centrifugal Hooks  
  39  4:43  Drone x2  
  41  4:56  Baneling x5  
  41  4:57  Baneling  
  41  4:58  Baneling  
  41  5:10  Drone x3  
  44  5:32  Drone  
  39  5:56  Zergling x10  
  44  5:57  Zergling x2  
  44  6:01  Drone x3  
  48  6:07  Extractor  
  48  6:10  Extractor  
  46  6:16  Roach x3  
  52  6:36  Spire  
  52  6:38  Zergling x2  
  52  6:40  Overlord  
  52  6:57  Queen  
  52  6:58  Overlord  
  52  6:59  Overlord  
  54  7:12  Zergling x8  
  58  7:18  Baneling x7  
  58  7:19  Baneling x5  
  58  7:20  Baneling x2  
  58  7:28  Drone x2  
  58  7:29  Drone  
  61  7:47  Drone  
  62  7:55  Mutalisk x2  
  66  8:15  Drone  
  66  8:16  Drone x2  
  69  8:23  Mutalisk x2  
  69  8:26  Mutalisk  
  75  8:42  Infestation Pit  
  74  8:50  Mutalisk  
  76  8:59  Overlord x2  
  76  9:21  Mutalisk x3  
  74  9:48  Zergling x6  
  74  9:49  Zergling x4  
  79  9:54  Hive  
  79  9:58  Zerg Flyer Weapons Level 1  
  79  10:02  Drone x2  
  79  10:03  Drone  
  79  10:04  Drone x3  
  79  10:05  Drone  
  86  10:31  Hatchery  
  85  10:42  Baneling x5  
  85  10:43  Baneling x6  
  85  10:44  Baneling x3  
  85  10:57  Corruptor x2  
  85  10:58  Corruptor  
  91  11:47  Viper x2  
  91  11:49  Overlord  
  91  11:50  Overlord  
  97  12:08  Mutalisk x3  
  97  12:09  Mutalisk  
  105  12:16  Drone  
  105  12:17  Drone x2  
  105  12:18  Queen  
  110  12:38  Zergling x4  
  110  12:39  Zergling x2  
  110  12:41  Overlord x2  
  113  12:45  Greater Spire  
  113  12:59  Extractor  
  113  13:01  Extractor  
  111  13:14  Pneumatized Carapace  
  111  13:25  Zergling x8  
  111  13:26  Zergling x8  
  100  13:58  Drone  
  100  13:59  Drone x3  
  96  15:25  Brood Lord x3  
  102  15:40  Mutalisk x4  
  102  15:41  Mutalisk x3  
  82  17:30  Mutalisk x5  
  82  17:31  Mutalisk  
  94  17:38  Corruptor x2  
  94  17:39  Corruptor x2  
  94  17:43  Zergling x8  
  94  17:44  Zergling x6  
  109  17:55  Queen  
  111  19:15  Corruptor  
  113  19:18  Overlord x2  
  113  19:58  Brood Lord  
  113  19:59  Brood Lord x4  
  123  21:12  Hatchery  
  122  22:13  Evolution Chamber  
  121  22:20  Evolution Chamber  
  119  23:32  Zerg Melee Weapons Level 1  
  119  23:34  Zerg Ground Armor Level 1  
  119  23:48  Evolution Chamber  
  118  23:55  Zerg Flyer Weapons Level 2  
  118  25:18  Extractor  
  117  25:22  Extractor  
  117  25:25  Queen  
  118  25:53  Roach  
  118  25:54  Roach x5  
  130  25:57  Mutalisk x3  
  130  25:59  Overlord  
  130  26:00  Overlord x3  
  130  26:01  Overlord  
  136  26:10  Burrow  
  136  26:16  Zerg Melee Weapons Level 2  
  136  26:17  Queen  
  136  26:18  Zerg Missile Weapons Level 1  
  138  26:19  Zerg Ground Armor Level 2  
  138  26:37  Ultralisk Cavern  
  135  28:44  Zerg Flyer Weapons Level 3  
  135  28:45  Tunneling Claws  
  135  28:57  Ultralisk  
  135  28:58  Ultralisk x5  
  171  29:03  Chitinous Plating  
  171  29:48  Zerg Melee Weapons Level 3  
  171  29:49  Zerg Missile Weapons Level 2  
  171  29:52  Zerg Ground Armor Level 3  
  171  30:15  Ultralisk Cavern  
  170  32:16  Ultralisk  
  170  32:17  Overlord  
  170  32:18  Overlord x4  
  176  32:47  Anabolic Synthesis  
  176  32:51  Zerg Missile Weapons Level 3  
  176  34:29  Ultralisk x4  
Tags
 
Add a new tag
Caveats
  • Supply blocks, unpowered buildings, or Contaminate may cause inaccurate times.
  • Supply counts are checked every 10 seconds.